 Dungeon Crawl Stone Soup version 0.21-a0-279-g6037ffb (webtiles) character file.

1145 pkoi the Digger (level 8, -1/57 HPs)
             Began as a Purple Draconian Earth Elementalist on Sept 23, 2017.
             Slain by an ogre
             ... wielding a +0 giant club
              (28 damage)
             ... on level 6 of the Dungeon on Sept 24, 2017.
             The game lasted 00:16:25 (7702 turns).

pkoi the Digger (DrEE)                              Turns: 7702, Time: 00:16:25

Health: -1/57      AC:  7    Str: 11    XL:     8   Next: 15%
Magic:  11/11      EV: 12    Int: 17    God:
Gold:   256        SH:  0    Dex: 12    Spells: 8/11 levels left

rFire    . . .     SeeInvis .     - Unarmed
rCold    . . .     Gourm    .   (no shield)
rNeg     . . .     Faith    .   (armour unavailable)
rPois    .         Spirit   .   (helmet restricted)
rElec    .         Reflect  .   w - +0 cloak
rCorr    .         Harm     .   (no gloves)
MR       +....                  (no boots)
Stlth    ++........             n - amulet of rage
HPRegen  0.19/turn              (no ring)
MPRegen  0.12/turn              (no ring)

@: no status effects
A: breathe power, unfitting armour, cold-blooded, AC +6
a: Breathe Dispelling Energy, Evoke Berserk Rage


You were on level 6 of the Dungeon.
You were not hungry.

You visited 1 branch of the dungeon, and saw 6 of its levels.

You collected 256 gold pieces.

Inventory:

Missiles
 b - 47 stones (quivered)
Armour
 w - a +0 cloak (worn)
Jewellery
 n - an amulet of rage (around neck)
Wands
 d - a wand of digging (12/24)
 r - a wand of flame (34/48)
 s - a wand of flame (37/48)
 y - a wand of confusion (15/48)
Scrolls
 f - 4 scrolls of teleportation
 h - 4 scrolls of identify {unknown}
 j - a scroll of fear {unknown}
 k - 2 scrolls of remove curse
 o - a scroll of fog {unknown}
 q - a scroll of noise {unknown}
 t - a scroll of recharging {unknown}
 u - 2 scrolls of magic mapping
 z - a scroll of enchant armour {unknown}
Potions
 a - 2 potions of degeneration {unknown}
 e - 3 potions of lignification
 l - 2 potions of might
 m - a potion of mutation {unknown}
 p - a potion of invisibility {unknown}
 v - a potion of magic {unknown}
Comestibles
 c - 5 bread rations
 g - 2 meat rations
 i - 2 royal jellies


   Skills:
 - Level 1.7 Dodging
 - Level 1.7 Stealth
 + Level 5.7 Unarmed Combat
 - Level 2.4 Spellcasting
 + Level 4.6 Transmutations
 + Level 6.7 Earth Magic


You had 8 spell levels left.
You knew the following spells:

 Your Spells              Type           Power        Failure   Level  Hunger
a - Sandblast             Erth           ###...       1%          1    #......
b - Passwall              Tmut/Erth      ###.......   2%          2    ##.....


Dungeon Overview and Level Annotations

Branches:
Dungeon (6/15)
 Temple: D:4-7

Altars:
Ashenzari
Elyvilon
Hepliaklqana
Kikubaaqudgha
Qazlal
Ru
Sif Muna
Trog
Uskayaw

Annotations:
D:4 Edmund
D:5 Ruich's ghost, novice HOFi


Innate Abilities, Weirdness & Mutations

You can breathe bolts of dispelling energy.
Your rich purple scales are hard. (AC +6)
You cannot fit into any form of body armour.
You are cold-blooded and may be slowed by cold attacks.


Message History

You see here a glowing dagger.
An ogre comes into view. It is wielding a giant club.
An ogre is nearby!
The ogre shouts!
You hit the ogre.
The ogre is lightly wounded.
The ogre closely misses you.
You closely miss the ogre.
The ogre is lightly wounded.
The ogre hits you with a giant club!
You hit the ogre. You tail-slap the ogre.
The ogre is moderately wounded.
You hit the ogre.
The ogre is moderately wounded.
The ogre hits you with a giant club!!
* * * LOW HITPOINT WARNING * * *
You hit the ogre. You punch the ogre.
The ogre is severely wounded.
The ogre hits you with a giant club!!
You die...

###
#..
#.#
#.#
#O#
#@#
#.#
#.#
#.###
#...#
###.#
#.#
#.#
#.#


You could see an ogre.

Vanquished Creatures
  Menkaure (D:5)
  The ghost of exulis the Skirmisher, an amateur DrFi of Jiyva (D:3)
  3 ogres
  2 phantoms
  A centaur (D:5)
  A jelly (D:6)
  4 orc wizards
  A centaur skeleton (D:4)
  4 worker ants
  6 adders
  A shadow imp (D:6)
  An ooze (D:3)
  An adder skeleton (D:6)
  7 worms
  3 dart slugs (D:1)
  3 leopard geckos
  4 orcs
  9 bats
  2 giant cockroaches
  8 goblins
  7 hobgoblins
  9 jackals
  14 kobolds
  A ball python (D:5)
  6 frilled lizards
  A leopard gecko skeleton (D:4)
  A quokka skeleton (D:5)
  10 rats
112 creatures vanquished.

Vanquished Creatures (others)
  A quokka (D:4)
1 creature vanquished.

Grand Total: 113 creatures vanquished

Notes
Turn   | Place    | Note
-------+----------+-------------------------------------------
     0 | D:1      | pkoi the Draconian Earth Elementalist began the quest for the Orb.
     0 | D:1      | Reached XP level 1. HP: 14/14 MP: 3/3
   190 | D:1      | Reached XP level 2. HP: 18/20 MP: 5/5
   314 | D:1      | Reached skill level 1 in Unarmed Combat
  1259 | D:1      | Reached XP level 3. HP: 24/26 MP: 6/6
  1516 | D:2      | Found a sacrificial altar of Ru.
  2187 | D:2      | Reached skill level 4 in Earth Magic
  2333 | D:2      | Reached XP level 4. HP: 18/33 MP: 3/7
  2496 | D:2      | Noticed an ogre
  2524 | D:2      | Killed an ogre
  2524 | D:2      | Reached XP level 5. HP: 38/38 MP: 3/8
  2570 | D:2      | Learned a level 2 spell: Passwall
  3022 | D:3      | Noticed exulis's ghost (amateur DrFi)
  3684 | D:3      | Killed exulis's ghost
  3684 | D:3      | Reached skill level 5 in Earth Magic
  3684 | D:3      | Reached XP level 6. HP: 22/45 MP: 0/9
  4120 | D:3      | Found a hazy altar of Hepliaklqana.
  4395 | D:4      | Found a hide-covered altar of Uskayaw.
  4531 | D:4      | Found a white marble altar of Elyvilon.
  4621 | D:4      | Your scales start taking on a rich purple colour.
  4621 | D:4      | Reached XP level 7. HP: 30/50 MP: 7/10
  4859 | D:4      | Noticed Edmund
  5363 | D:4      | Found a deep blue altar of Sif Muna.
  5497 | D:4      | Reached skill level 6 in Earth Magic
  5648 | D:4      | Identified Sif Muna's Tome of Clay
  5678 | D:5      | Entered Level 5 of the Dungeon
  5699 | D:5      | Found an ancient bone altar of Kikubaaqudgha.
  5736 | D:5      | Noticed Ruich's ghost (novice HOFi)
  6042 | D:5      | Reached skill level 5 in Unarmed Combat
  6389 | D:5      | Noticed a moth of wrath
  6391 | D:5      | Found a bloodstained altar of Trog.
  7109 | D:5      | Noticed Menkaure
  7130 | D:5      | Killed Menkaure
  7130 | D:5      | Reached XP level 8. HP: 16/57 MP: 11/11
  7431 | D:6      | Found a shattered altar of Ashenzari.
  7656 | D:5      | Found a stormy altar of Qazlal.
  7702 | D:6      | Slain by an ogre

Vault maps used:
D:1:      roderic_crop_circles_arrival_large
D:2:      kennysheep_big_flooded_room, hangedman_ru_absence
D:3:      marbit_many_paths, fountainhead
D:4:      elyvilon_altar_4, old_standard_altar, led_sif_book, first_bread,
          uniq_edmund
D:5:      kiku_gazebo_pond_becter, grunt_qazlal_clouds, tgw_trog, uniq_menkaure
D:6:      lemuel_doored_altar, lemuel_coloured_pillars_altar, ashenzari_altar_1,
          serial_bayou_ford_a, minivault_1, uniq_crazy_yiuf_cottage

Skill      XL: |  1  2  3  4  5  6  7 |
---------------+----------------------+-----
Unarmed Combat | 1 2 3 4 5 |  5.7
Earth Magic    | 4 5 6 |  6.7
Transmutations | 3 4 |  4.6
Dodging        | |  1.7
Stealth        | |  1.7
Spellcasting   | |  2.4

Action                   |  1- 3 |  4- 6 |  7- 9 || total
-------------------------+-------+-------+-------++-------
Melee: Unarmed           |   195 |   178 |   115 ||   488
       Tailslap          |    11 |    22 |    17 ||    50
       Punch             |       |     1 |     2 ||     3
 Cast: Sandblast         |    19 |    35 |    38 ||    92
       Passwall          |       |       |     4 ||     4
  Use: Potion            |     4 |       |     2 ||     6
       Scroll            |     4 |       |       ||     4
 Stab: Sleeping          |     1 |     3 |     1 ||     5
  Eat: Chunk             |     5 |     8 |     8 ||    21
       Royal jelly       |       |       |     1 ||     1
       Fruit             |       |       |     1 ||     1
Armor: Skin              |    68 |    48 |    30 ||   146
Dodge: Dodged            |   163 |   105 |    87 ||   355

Table legend:
 A = Spawn XP
 B = Non-spawn XP
 C = Spawn XP percentage of total XP
 D = Spawn monster count
 E = Non-spawn monster count
 F = Spawn count percentage of total count
 G = Total turns spent on level
                    A         B        C        D         E        F      G
               +---------+---------+-------+---------+---------+-------+---------
         Total |       0 |    1636 |   0.0 |       0 |     112 |   0.0 |  7702
               +---------+---------+-------+---------+---------+-------+---------
           D:1 |       0 |      46 |   0.0 |       0 |      26 |   0.0 |  1490
           D:2 |       0 |     187 |   0.0 |       0 |      27 |   0.0 |  1695
           D:3 |       0 |     411 |   0.0 |       0 |      26 |   0.0 |  1334
           D:4 |       0 |     362 |   0.0 |       0 |      15 |   0.0 |  1864
           D:5 |       0 |     572 |   0.0 |       0 |      15 |   0.0 |  1094
           D:6 |       0 |      58 |   0.0 |       0 |       3 |   0.0 |   225
               +---------+---------+-------+---------+---------+-------+---------
